Map: Pillars of Gold LE

Players

LiquidClem (Clem) - Winner!

  • Race: Terran Terran
  • League: Grandmaster
  • Spawn Location: 1:00

soul

  • Race: Terran Terran
  • League: Grandmaster
  • Spawn Location: 7:00

Event: DreamHack SC2 Masters 2020 Fall

VOD

Have the link to the VOD?

Description

Time

  • Played on: Sept. 2, 2020, 12:09 p.m.
  • Length: 16:11

All games in this series

Show
View Real Time Build Order
Export as new Build Order

LiquidClem Terran - Winner!

Build Orders: Reaper Expand 

Get SALT Encoding   

  12  0:00  SCV  
  13  0:12  SCV  
  14  0:17  Supply Depot  
  14  0:24  SCV  
  15  0:39  SCV  
  15  0:40  Barracks  
  16  0:46  Refinery  
  16  0:51  SCV  
  17  1:03  SCV  
  18  1:15  SCV  
  19  1:28  Reaper, Orbital Command  
  20  1:44  Command Center  
  20  1:54  SCV  
  20  2:00  Supply Depot, Marine  
  22  2:06  SCV  
  23  2:12  Factory  
  23  2:21  SCV, Marine  
  25  2:27  Bunker  
  25  2:31  Refinery  
  25  2:34  SCV  
  26  2:39  Marine  
  27  2:47  SCV  
  28  2:56  Orbital Command  
  28  2:57  Hellion  
  30  2:58  Barracks Reactor  
  30  3:00  SCV  
  31  3:08  Starport  
  31  3:12  SCV  
  32  3:19  Factory Tech Lab  
  32  3:22  SCV  
  32  3:25  SCV, Supply Depot  
  34  3:31  Refinery  
  34  3:35  Marine x2  
  34  3:37  Cyclone  
  34  3:38  SCV  
  34  3:41  SCV  
  41  3:44  Starport Tech Lab  
  41  3:47  Supply Depot  
  41  3:52  SCV  
  41  3:53  SCV, Marine  
  41  3:55  Marine  
  45  4:02  Raven  
  45  4:04  SCV  
  45  4:05  SCV  
  49  4:11  Marine  
  49  4:12  Marine  
  49  4:15  Siege Tank  
  54  4:17  SCV  
  54  4:19  SCV, Supply Depot  
  56  4:30  SCV  
  56  4:31  SCV  
  58  4:37  Command Center  
  57  4:42  SCV  
  57  4:43  SCV  
  59  4:45  Raven  
  59  4:47  Marine x2  
  59  4:51  Supply Depot  
  63  4:54  Siege Tank  
  63  4:58  SCV x2  
  68  5:02  Refinery  
  68  5:05  Supply Depot  
  68  5:06  Marine x2  
  70  5:12  SCV x2  
  70  5:14  Supply Depot  
  72  5:21  Supply Depot  
  72  5:27  SCV, Siege Tank  
  76  5:29  Supply Depot  
  76  5:32  SCV  
  77  5:41  Viking x2  
  77  5:42  Stimpack, Marine  
  82  5:44  Supply Depot  
  82  5:46  SCV  
  83  5:58  SCV, Barracks  
  83  5:59  Barracks, Siege Tank  
  83  6:02  Marine  
  83  6:03  SCV  
  89  6:08  Orbital Command  
  89  6:13  Viking x2  
  89  6:14  SCV  
  94  6:18  SCV  
  94  6:20  Marine  
  96  6:29  Barracks  
  96  6:30  Barracks  
  96  6:31  Engineering Bay  
  96  6:35  Engineering Bay  
  96  6:38  Siege Tank  
  98  6:41  Marine  
  98  6:42  SCV  
  98  6:43  SCV  
  99  6:51  Viking  
  99  6:52  Viking  
  103  6:55  SCV  
  103  6:57  SCV x2  
  103  6:59  Barracks Reactor  
  103  7:00  Barracks Reactor  
  106  7:01  Marine  
  106  7:07  SCV  
  108  7:09  SCV  
  108  7:16  Siege Tank  
  108  7:17  SCV  
  108  7:19  Barracks Reactor x2, Marine  
  105  7:26  Medivac  
  105  7:27  SCV  
  105  7:34  SCV  
  96  7:37  Marine  
  96  7:39  SCV x2, Marine  
  96  7:40  Refinery, Marine x3  
  96  7:41  Medivac, Refinery  
  95  7:44  Supply Depot  
  95  7:46  SCV  
  95  7:48  Terran Infantry Weapons Level 1, Siege Tank  
  95  7:49  Terran Infantry Armor Level 1  
  99  7:51  SCV x2  
  99  7:55  Marine  
  99  7:57  Marine x6  
  108  7:58  SCV, Marine  
  108  7:59  Supply Depot  
  108  8:03  SCV x2  
  112  8:06  Combat Shield, Sensor Tower  
  112  8:07  Marine  
  112  8:10  SCV  
  114  8:12  Marine  
  114  8:15  SCV, Marine x4  
  114  8:16  SCV  
  121  8:22  SCV, Medivac x2  
  121  8:27  Marine x3  
  126  8:28  Supply Depot  
  126  8:29  Marine  
  126  8:33  Siege Tank  
  134  8:37  Marine x2  
  134  8:38  Marine x2  
  137  8:42  Command Center  
  137  8:46  Marine x3  
  137  8:47  Supply Depot, Marine  
  137  8:48  Marine  
  142  8:55  Supply Depot, Missile Turret, Marine  
  142  8:58  Medivac  
  142  8:59  Marine x2  
  142  9:00  Marine  
  143  9:04  Marine x2  
  143  9:05  Armory, Marine x2, Siege Tank  
  150  9:13  Marine  
  150  9:16  Marine  
  149  9:17  Marine  
  149  9:19  Marine  
  150  9:25  SCV  
  151  9:36  Supply Depot  
  151  9:37  Supply Depot x2  
  151  9:39  Supply Depot  
  151  9:42  Marine x2  
  151  9:44  Marine, Siege Tank  
  141  9:47  Marine  
  141  9:48  Medivac  
  141  9:52  Marine  
  141  9:53  Medivac, Marine x3  
  141  9:59  SCV x2, Marine x2  
  136  10:01  Marine  
  136  10:02  Refinery  
  136  10:04  Marine  
  140  10:10  Marine x2  
  140  10:11  Marine x2, Factory  
  140  10:12  Supply Depot  
  143  10:16  Terran Infantry Weapons Level 2, Siege Tank  
  143  10:17  Marine x2  
  143  10:18  Barracks Reactor, Medivac  
  143  10:19  Marine  
  151  10:22  Marine  
  151  10:23  Terran Infantry Armor Level 2  
  151  10:26  SCV  
  153  10:28  Marine x2  
  153  10:31  Planetary Fortress  
  153  10:32  Marine x2  
  156  10:36  Refinery, Marine x2  
  156  10:37  Marine  
  156  10:38  Refinery  
  156  10:40  Viking, Marine  
  156  10:41  SCV  
  163  10:46  Marine x2  
  165  10:50  Marine x2, Sensor Tower  
  165  10:54  Marine x3  
  165  10:55  Marine  
  169  10:58  Marine  
  169  11:02  Siege Tank  
  169  11:03  Marine  
  169  11:04  Marine x2  
  174  11:06  Siege Tank  
  174  11:08  Marine x2  
  174  11:10  Viking  
  183  11:11  Marine x2  
  183  11:13  Marine  
  185  11:19  Medivac  
  185  11:21  Marine x2  
  187  11:29  Marine  
  185  11:33  Marine x2  
  185  11:34  Siege Tank  
  185  11:36  Marine  
  185  11:37  Command Center, Marine  
  185  11:38  Siege Tank  
  195  11:44  Marine  
  196  11:48  Supply Depot  
  196  11:51  Terran Vehicle Weapons Level 1  
  196  11:53  Marine  
  196  11:54  Marine  
  196  12:05  Supply Depot  
  196  12:07  Marine  
  196  12:08  Marine x5  
  196  12:09  Marine  
  196  12:10  Siege Tank x2  
  196  12:12  Marine x3  
  174  12:22  SCV x2  
  176  12:25  Marine  
  176  12:28  Marine  
  176  12:29  Marine x2  
  180  12:31  Marine  
  180  12:32  Marine x2  
  180  12:35  Starport, Marine  
  181  12:37  Starport  
  181  12:42  Marine x2, Siege Tank  
  181  12:43  Siege Tank  
  181  12:44  Liberator  
  174  12:48  Marine x4  
  174  12:50  Marine  
  182  12:52  Marine x2  
  182  12:53  Marine  
  184  13:01  SCV x3, Terran Infantry Weapons Level 3  
  187  13:08  Terran Infantry Armor Level 3  
  187  13:09  Marine x2  
  187  13:10  Marine x3  
  192  13:14  Siege Tank  
  192  13:16  Liberator  
  198  13:25  Missile Turret  
  198  13:26  Marine  
  191  13:29  Siege Tank  
  191  13:30  Marine  
  191  13:32  Supply Depot, Missile Turret x2  
  195  13:34  Marine x2  
  195  13:36  Orbital Command  
  182  13:46  Marine x3, Siege Tank  
  179  13:52  Marine x2  
  180  13:57  Sensor Tower  
  180  14:01  Siege Tank  
  182  14:08  Marine x4  
  182  14:13  Marine  
  182  14:14  Marine  
  184  14:18  Siege Tank  
  184  14:20  Medivac  
  169  14:32  Marine  
  169  14:33  Siege Tank  
  169  14:35  Marine x4  
  169  14:37  Sensor Tower  
  176  14:40  Marine  
  176  14:41  Marine  
  178  14:47  Marine  
  178  14:49  Marine  
  178  14:50  Siege Tank  
  183  14:55  Medivac  
  183  14:59  SCV x3  
  185  15:02  Planetary Fortress  
  185  15:05  Siege Tank  
  188  15:07  SCV, Marine  
  188  15:08  Marine  
  188  15:09  Marine  
  188  15:11  Marine  
  183  15:16  Marine  
  183  15:17  Marine  
  179  15:22  Siege Tank  
  179  15:23  Viking  
  179  15:25  Viking  
  186  15:32  Marine  
  186  15:34  Viking  
  189  15:38  Siege Tank  
  156  15:43  Marine x7  
  156  15:45  Marine x2  
  160  15:50  Marine  
Show
View Real Time Build Order
Export as new Build Order

soul Terran 

Build Orders:  

Get SALT Encoding   

  12  0:00  SCV  
  13  0:12  SCV  
  14  0:18  Supply Depot  
  14  0:24  SCV  
  15  0:40  SCV  
  15  0:41  Barracks  
  16  0:47  Refinery  
  16  0:52  SCV  
  16  0:55  Refinery  
  17  1:04  SCV  
  18  1:16  SCV  
  19  1:28  Reaper  
  19  1:29  Orbital Command  
  19  1:30  Supply Depot  
  20  1:43  Factory  
  20  1:54  SCV  
  20  2:00  Reaper  
  22  2:07  SCV  
  23  2:19  SCV  
  24  2:24  Command Center  
  24  2:29  Hellion  
  26  2:31  SCV  
  27  2:37  Barracks Reactor  
  27  2:40  Supply Depot  
  27  2:43  SCV  
  28  2:50  Hellion  
  30  2:55  SCV  
  31  3:00  Starport  
  31  3:07  SCV  
  31  3:12  Factory Tech Lab  
  32  3:13  Marine x2  
  34  3:20  SCV  
  35  3:31  Cyclone, Marine  
  39  3:35  SCV, Marine  
  39  3:37  Orbital Command  
  39  3:41  Starport Tech Lab  
  41  3:47  SCV  
  42  3:49  Marine  
  42  3:53  Marine  
  44  3:58  Raven  
  44  4:00  SCV  
  47  4:03  SCV, Supply Depot  
  47  4:06  Siege Tank  
  51  4:12  SCV  
  51  4:15  SCV  
  54  4:20  Supply Depot  
  54  4:24  SCV, Supply Depot  
  54  4:27  SCV  
  55  4:36  SCV  
  55  4:37  Command Center  
  56  4:39  SCV  
  57  4:47  Siege Tank  
  57  4:48  SCV  
  57  4:50  Starport Reactor  
  61  4:53  SCV  
  61  4:57  Barracks  
  61  4:59  Stimpack, Marine  
  63  5:02  Barracks  
  63  5:08  SCV  
  63  5:10  SCV  
  63  5:12  Refinery  
  63  5:13  Refinery  
  65  5:16  Supply Depot  
  65  5:19  Marine  
  65  5:21  SCV  
  65  5:23  SCV  
  65  5:27  Engineering Bay  
  67  5:29  Engineering Bay  
  67  5:33  SCV  
  67  5:35  SCV  
  69  5:36  Starport Reactor  
  69  5:37  Marine  
  69  5:41  Siege Tank  
  73  5:45  SCV  
  73  5:47  SCV  
  75  5:51  Orbital Command  
  75  5:54  Terran Infantry Weapons Level 1  
  75  5:56  Terran Infantry Armor Level 1  
  75  5:58  SCV  
  75  5:59  SCV  
  75  6:01  Supply Depot  
  75  6:02  Marine x3  
  75  6:03  Marine  
  81  6:06  Marine  
  81  6:10  SCV  
  83  6:14  Medivac  
  83  6:15  Medivac  
  87  6:20  Marine x2  
  87  6:21  SCV, Orbital Command  
  87  6:23  Marine  
  87  6:24  Supply Depot x2  
  87  6:25  SCV  
  91  6:26  Marine  
  91  6:28  Marine  
  93  6:35  SCV  
  93  6:37  Marine  
  95  6:44  SCV, Medivac  
  95  6:45  Medivac  
  98  6:49  Supply Depot x2  
  98  6:50  Marine x3  
  98  6:52  Combat Shield  
  98  6:54  SCV  
  102  6:55  Siege Tank  
  102  6:56  Marine x2  
  102  6:58  SCV  
  102  7:01  SCV  
  109  7:07  Marine x2  
  110  7:13  Marine  
  110  7:14  Marine  
  110  7:15  Medivac, Marine  
  94  7:25  Medivac, Marine x2  
  94  7:27  Siege Tank  
  94  7:31  Marine  
  94  7:32  Marine  
  94  7:33  Marine  
  82  7:39  SCV x3  
  82  7:43  Marine x2  
  81  7:45  Armory  
  81  7:46  Barracks x2  
  81  7:51  SCV x3  
  81  7:52  Liberator  
  87  8:00  Marine x3  
  87  8:01  Marine  
  87  8:03  SCV  
  87  8:04  SCV x2  
  94  8:07  Siege Tank  
  94  8:08  Marine  
  98  8:14  Liberator  
  98  8:16  SCV x3  
  98  8:18  Marine  
  105  8:23  Marine x3  
  105  8:26  Marine  
  109  8:29  Sensor Tower  
  110  8:34  Barracks Reactor  
  110  8:35  Barracks Reactor  
  110  8:36  SCV x2, Marine  
  110  8:38  Medivac  
  110  8:41  Marine x2  
  114  8:42  Marine  
  114  8:44  Marine  
  114  8:46  Supply Depot  
  118  8:51  Refinery x2  
  118  8:54  Marine  
  119  8:57  Siege Tank  
  119  8:59  Marine x3  
  119  9:01  Marine  
  126  9:11  Marine  
  126  9:13  Marine  
  126  9:16  Marine x2  
  126  9:17  Marine x3  
  130  9:19  Marine x2  
  130  9:20  Command Center  
  132  9:29  Marine  
  132  9:30  Siege Tank  
  126  9:31  Marine  
  126  9:34  Marine x3  
  126  9:35  Terran Infantry Armor Level 2, Marine x2, Terran Infantry Weapons Level 2  
  126  9:36  Marine  
  126  9:37  Marine  
  125  9:47  Marine  
  125  9:49  Marine  
  125  9:50  Medivac  
  125  9:52  Marine x3  
  126  9:53  Marine x2  
  126  9:54  Marine  
  126  9:57  Marine  
  126  9:59  SCV x3  
  123  10:01  Medivac  
  123  10:02  Siege Tank  
  123  10:05  Marine  
  129  10:07  Marine  
  129  10:08  Factory  
  129  10:09  Marine  
  129  10:10  Marine x2  
  129  10:11  SCV x2, Marine x2  
  129  10:13  Terran Vehicle Weapons Level 1, Marine  
  138  10:14  Marine  
  138  10:19  Medivac  
  138  10:20  SCV  
  142  10:23  Marine  
  142  10:24  SCV  
  142  10:25  Marine  
  142  10:27  Marine  
  142  10:28  Marine x3  
  147  10:29  Marine  
  147  10:30  Marine  
  147  10:34  Marine  
  150  10:40  Marine  
  150  10:41  Siege Tank  
  150  10:42  Planetary Fortress, Marine  
  154  10:45  Marine x2  
  154  10:46  Marine  
  154  10:48  Marine  
  159  10:50  Marine x2  
  159  10:52  Marine  
  162  10:58  Marine  
  162  11:00  Medivac, Marine  
  162  11:03  Marine x2  
  164  11:07  Supply Depot x3  
  164  11:16  Marine  
  164  11:18  Marine x2, Factory Tech Lab  
  163  11:19  Marine, Siege Tank  
  163  11:23  Marine x3  
  164  11:28  Marine x2  
  166  11:34  Marine  
  166  11:36  Marine x2  
  166  11:37  Marine  
  166  11:38  Siege Tank  
  173  11:41  Marine x3  
  173  11:46  Marine x2  
  178  11:51  Siege Tank  
  178  11:52  Marine  
  178  11:53  Marine x2  
  184  11:57  Terran Infantry Weapons Level 3  
  184  11:59  Marine x3  
  184  12:02  Marine  
  182  12:10  Siege Tank  
  182  12:13  Marine  
  154  12:15  Marine  
  154  12:17  Terran Infantry Armor Level 3  
  154  12:20  Marine  
  151  12:23  Siege Tank  
  151  12:27  Liberator  
  157  12:31  Liberator  
  158  12:39  Marine  
  158  12:41  Marine x2  
  158  12:42  Siege Tank  
  158  12:44  Marine x5  
  158  12:48  Marine  
  163  12:55  Siege Tank  
  163  12:57  Marine  
  167  12:59  Marine x2  
  167  13:01  Marine  
  167  13:02  Marine  
  167  13:03  Marine  
  172  13:07  Marine  
  173  13:14  Siege Tank  
  173  13:15  Marine  
  173  13:18  Marine  
  178  13:22  Marine  
  178  13:24  Medivac  
  158  13:27  Marine, Siege Tank  
  158  13:31  Marine  
  158  13:32  Marine x4  
  164  13:41  Marine x2  
  152  13:43  Marine  
  152  13:45  Marine  
  152  13:46  Siege Tank  
  142  13:49  Marine x2  
  142  13:50  Marine  
  142  13:52  Medivac  
  142  13:54  Medivac  
  142  13:55  Marine  
  142  13:56  Marine  
  142  13:57  Orbital Command  
  142  13:59  Marine x2, Siege Tank  
  142  14:01  Marine  
  150  14:03  Marine  
  150  14:07  Marine  
  141  14:10  Marine  
  137  14:22  Medivac, Orbital Command, Marine  
  137  14:23  Marine x2  
  137  14:24  Medivac, Marine x2  
  135  14:27  Marine  
  108  14:31  Marine  
  108  14:34  Marine  
  108  14:36  Marine  
  111  14:39  Marine  
  111  14:41  Marine  
  113  14:46  Marine  
  113  14:51  Marine  
  111  14:53  Medivac  
  111  14:57  Medivac  
  109  15:02  Siege Tank  
  109  15:04  Marine  
  109  15:06  Marine  
  114  15:08  Marine  
  108  15:15  Marine x3  
  108  15:16  Marine x3  
  113  15:22  Marine  
  113  15:24  Marine  
  113  15:26  Marine  
  116  15:33  Marine x6  
  121  15:39  Marine  
  84  15:43  Marine  
  84  15:44  Marine  
  75  15:51  Marine x3  

Tags
 
Add a new tag
Caveats
  • Supply blocks, unpowered buildings, or Contaminate may cause inaccurate times.
  • Supply counts are checked every 10 seconds.